 Dungeon Crawl Stone Soup version 0.30-a0-118-ga018f8e90f (webtiles) character file.

Game seed: 14398093844807503909

17839 Newt the Nimble (level 12, -13/92 HPs)
             Began as a Demonspawn Gladiator on Sept 13, 2022.
             Was a High Priest of Okawaru.
             Shot with an arrow by Nessos (20 damage)
             ... on level 12 of the Dungeon.
             The game lasted 00:19:48 (16387 turns).

Newt the Nimble (Demonspawn Gladiator)             Turns: 16387, Time: 00:19:49

Health: -13/92     AC: 24    Str: 22    XL:     12   Next: 22%
Magic:  12/12      EV: 19    Int: 11    God:    Okawaru [*****.]
Gold:   1062       SH:  5    Dex: 14    Spells: 11/11 levels left

rFire   . . .      SeeInvis .    v - +3 short sword (vamp)
rCold   x . .      Faith    .    k - orb {light}
rNeg    . . .      Spirit   .    m - +0 scale mail
rPois   .          Reflect  +    X - +1 helmet "Xeffeib" {rC- Str+3}
rElec   +          Harm     .    W - +0 cloak {rCorr}
rCorr   +          Rampage  .    n - +1 pair of gloves
Will    .....                    (no boots)
Stlth   +.........               E - amulet "Peyheu" {Reflect Drain rElec Slay+2 SH+5}
HPRegen 0.25/turn                h - +4 ring of evasion
MPRegen 0.13/turn                (no ring)

@: lethally poisoned (-13 -> -42), sanguine armoured, glowing
A: hooves 2, powered by death 1, powered by pain 2, sanguine armour 3
a: Renounce Religion, Heroism, Finesse, Duel


You were on level 12 of the Dungeon.
You worshipped Okawaru.
Okawaru was extremely pleased with you.
You visited 2 branches of the dungeon, and saw 13 of its levels.
You also visited: Ossuary.

You collected 1062 gold pieces.

Inventory:

Hand Weapons
 c - a +3 dagger of venom
 v - a +3 vampiric short sword (weapon)
 Z - a +1 long sword of flaming
Missiles
 e - a javelin (quivered)
 r - 5 poisoned darts
 y - 10 atropa-tipped darts
 P - 2 silver javelins
 U - a boomerang
Armour
 d - the +6 plate armour of Charity {Str+4}
   (Okawaru gifted it to you on level 12 of the Dungeon)

   Str:       It affects your strength (+4).
 k - an orb of light (worn)
 m - a +0 scale mail (worn)
 n - a +1 pair of gloves (worn)
 H - a +1 chain mail of cold resistance
 W - a +0 cloak of preservation (worn)
 X - the +1 helmet "Xeffeib" (worn) {rC- Str+3}
   (Okawaru gifted it to you on level 10 of the Dungeon)

   Str:       It affects your strength (+3).
   rC:        It makes you vulnerable to cold.
Jewellery
 b - a ring of ice
 f - a ring of ice
 h - a +4 ring of evasion (left hand)
 E - the amulet "Peyheu" (around neck) {Reflect Drain rElec Slay+2 SH+5}
   (You acquired it on level 8 of the Dungeon)

   [amulet of reflection]

   It reflects blocked missile attacks.
   Slay:      It affects your accuracy & damage with ranged weapons and melee
   (+2).
   rElec:     It insulates you from electricity.
   Drain:     It drains your maximum health when unequipped.
   SH:        It affects your SH (+5).
 G - a ring of ice
 L - a ring of ice
 V - the amulet "Teameur" {Reflect rC++ Int-2 SH+5 Stlth+}
   (You found it on level 10 of the Dungeon)

   [amulet of reflection]

   It reflects blocked missile attacks.
   Int:       It affects your intelligence (-2).
   rC:        It greatly protects you from cold.
   SH:        It affects your SH (+5).
   Stlth:     It makes you more stealthy.
 Y - a ring of see invisible
Wands
 x - a wand of polymorph (2)
 B - a wand of mindburst (3)
 N - a wand of flame (24)
 O - a wand of quicksilver (4)
Scrolls
 a - a scroll of identify
 i - 3 scrolls of noise
 D - 11 scrolls of teleportation
 I - 2 scrolls of enchant weapon
 K - 2 scrolls of brand weapon
 M - a scroll of amnesia
 Q - a scroll of blinking
 S - 2 scrolls of fear
 T - 2 scrolls of enchant armour
Potions
 g - 2 potions of brilliance
 j - 4 potions of might
 l - 6 potions of degeneration
 p - 4 potions of magic
 q - a potion of lignification
 s - 5 potions of attraction
 t - a potion of cancellation
 u - 2 potions of mutation
 w - 3 potions of ambrosia
 A - 2 potions of berserk rage
 C - a potion of curing
 F - 2 potions of flight
 J - a potion of haste
 R - a potion of resistance


   Skills:
 - Level 8.0 Fighting
 - Level 10.0 Short Blades
 - Level 5.0 Throwing
 - Level 4.0 Armour
 - Level 11.0 Dodging
 + Level 2.0 Stealth
 - Level 8.0 Evocations


You had 11 spell levels left.
You didn't know any spells.
Your spell library contained the following spells:

 Spells                   Type           Power      Damage    Failure   Level
 Apportation              Tloc           0%         N/A       65%         1
 Necrotise                Necr           0%         1d4       65%         1
 Shock                    Conj/Air       0%         1d3       65%         1
 Confusing Touch          Hex            0%         N/A       95%         3
 Swiftness                Air            0%         N/A       95%         3
 Airstrike                Air            0%         2d(0-16)  100%        4
 Passage of Golubria      Tloc           0%         N/A       100%        4
 Borgnjor's Vile Clutch   Necr/Erth      0%         N/A       100%        5
 Yara's Violent Unravell  Hex/Tmut       0%         3d3       100%        5
 Enfeeble                 Hex            0%         N/A       100%        7
 Summon Small Mammal      Summ           Unusable   N/A       N/A         1
 Tukima's Dance           Hex            Unusable   N/A       N/A         3
 Animate Dead             Necr           Unusable   N/A       N/A         4
 Death Channel            Necr           Unusable   N/A       N/A         6

Dungeon Overview and Level Annotations

Branches:
Dungeon (12/15)            Temple (1/1) D:4            Lair (0/5) D:10
    Orc (0/2) D:10        Ossuary (visited)

Altars:
Ashenzari
Cheibriados
Dithmenos
Fedhas
Gozag
Hepliaklqana
Kikubaaqudgha
Makhleb
Nemelex Xobeh
Okawaru
Qazlal
Ru
Sif Muna
Trog
Uskayaw
Vehumet
Wu Jian
Xom
Yredelemnul

Shops:
D:7 :

Annotations:
D:8 exclusion: oklob plant
D:12 Nessos


Innate Abilities, Weirdness & Mutations

You have hoof-like feet.
You regenerate a little health from kills.
You sometimes gain power by taking damage.
When seriously injured, your blood forms very thick armour. (AC +12)


Message History

Unknown command.
Aiming: Mindburst
Press: ? - help, Shift-Dir - straight line, f/p - Fannar
Aim: Fannar, wielding a +0 quarterstaff of freezing, wearing a +1 robe of cold resistance and wearing a ring of ice (almost dead, haloed, chance to affect: 42%) Fannar's mind is blasted!!!
You blow up Fannar!
Okawaru accepts your kill.
The ice beast disappears in a puff of smoke!
The ice beast disappears in a puff of smoke! x2
Your Dodging skill increases to level 11!
Unknown command.
f - a ring of ice;
y - 10 atropa-tipped darts (gained 1)
Things that are here:
a +0 quarterstaff of freezing; a +1 robe of cold resistance Unknown command.
Nessos is nearby!
Nessos is nearby!
Nessos mumbles some strange words.
Nessos seems to speed up.
Nessos shoots an arrow.
The arrow barely misses you.
Nessos shoots an arrow.
The arrow hits you! The arrow burns you.
You are poisoned.
Nessos shoots an arrow.
The arrow barely misses you.
Nessos shoots an arrow.
The arrow barely misses you.
You feel very sick.
Nessos shoots an arrow.
The arrow hits you. The arrow burns you.
You feel very sick.
Nessos shoots an arrow.
The arrow hits you!
* * * LOW HITPOINT WARNING * * *
The arrow burns you.
You are lethally poisoned!
* * * LOW HITPOINT WARNING * * *
Nessos stands on their hind legs for a moment.
Nessos shoots an arrow.
The arrow hits you but does no damage.
Things that are here:
a +0 buckler; a tengu corpse Unknown command.
* * * LOW HITPOINT WARNING * * *
You feel extremely sick.
Nessos shoots an arrow.
The arrow hits you!!
You die...

..... .....................
.....###.#..##..............
............##..............
............# #....<....!..
#...........# ##............
#.......)..(###.......W.....
......c.....##........@.....
............#............<..
.....###....[@.....###....##
.....###...........# ...##
..$.......(........# ..##
.c..#.............## ?. ..#
#.............#
#.......#...#.... ...
#.......#...#.... ..
##.....####.#..!.. .#
#...... .. ....


You could see Nessos (fast).

Vanquished Creatures
  Josephine (D:11)
  Fannar (D:12)
  2 boulder beetles
  A centaur warrior (D:9)
  3 two-headed ogres (D:11)
  A tengu warrior (D:11)
  Pikel (D:4)
  3 cyclopes
  Joseph (D:7)
  Maggie (D:7)
  2 unseen horrors (D:12)
  An unseen horror (shapeshifter) (D:9)
  A gargoyle (D:10)
  A tengu conjurer (D:12)
  2 meliai (D:9)
  3 trolls
  4 slime creatures (D:11)
  Sigmund (D:5)
  A wyvern (D:10)
  6 wraiths
  8 yaks
  2 shadows
  A vampire (D:9)
  The ghost of drugrobin the Sneak, an amateur DgDe (D:4)
  A vampire mosquito (D:9)
  2 acid dragons (D:11)
  A water moccasin (D:9)
  Duvessa (D:4)
  2 orc warriors
  2 ice beasts (D:5)
  An ogre (D:4)
  A boggart (D:9)
  3 centaurs
  Blork the orc (D:6)
  3 lemures (D:4)
  A phantom (D:4)
  7 bullfrogs
  A gnoll sergeant (D:4)
  3 necrophages
  2 scorpions (D:6)
  Dowan (D:4)
  6 wights
  12 killer bees
  An electric eel (D:6)
  6 howler monkeys
  2 orc priests
  4 hounds
  2 jellies
  A gnoll bouda (D:5)
  Jessica (D:2)
  2 iguanas
  9 orc wizards
  9 mummies
  9 adders
  16 gnolls
  A shadow imp (D:7)
  5 dart slugs
  45 orcs
  6 endoplasms
  2 giant cockroaches
  11 goblins
  8 hobgoblins
  9 jackals
  2 quokkas
  5 ball pythons
  5 bats
  A frilled lizard (D:1)
  A gnoll zombie (Ossuary)
  A goblin zombie (D:8)
  3 hobgoblin zombies
  10 kobolds
  A kobold zombie (Ossuary)
  4 orc zombies (Ossuary)
  4 rats
286 creatures vanquished.

Vanquished Creatures (others)
  2 howler monkey simulacra (D:9)
  A plant (D:6)
3 creatures vanquished.

Grand Total: 289 creatures vanquished

Notes
Turn   | Place    | Note
-------+----------+-------------------------------------------
     0 | D:1      | Newt the Demonspawn Gladiator began the quest for the Orb.
     0 | D:1      | Reached XP level 1. HP: 16/16 MP: 1/1
    17 | D:1      | Reached skill level 1 in Stealth
   111 | D:1      | Gained mutation: When seriously injured, your blood forms
                  | armour. (AC +12) [demonic ancestry]
   111 | D:1      | Reached XP level 2. HP: 22/22 MP: 2/2
   785 | D:1      | Gained mutation: You sometimes gain a little power by
                  | taking damage. [demonic ancestry]
   785 | D:1      | Reached XP level 3. HP: 23/28 MP: 3/3
  1479 | D:2      | Noticed Jessica
  1484 | D:2      | Killed Jessica
  1485 | D:2      | Gained mutation: You have large cloven feet. [demonic
                  | ancestry]
  1485 | D:2      | Reached XP level 4. HP: 31/37 MP: 4/4
  2568 | D:3      | You fall into a shaft and drop 1 floor!
  3202 | D:4      | Noticed an ogre
  3214 | D:4      | Killed an ogre
  3215 | D:4      | Gained mutation: When seriously injured, your blood forms
                  | thick armour. (AC +12) [demonic ancestry]
  3215 | D:4      | Reached XP level 5. HP: 9/42 MP: 5/5
  3518 | D:4      | Noticed a lemure
  3518 | D:4      | Noticed a lemure
  3520 | D:4      | Noticed a lemure
  3522 | D:4      | Noticed Pikel
  3535 | D:4      | Noticed a lemure
  3540 | D:4      | Killed a lemure
  3552 | D:4      | Killed a lemure
  3577 | D:4      | Killed a lemure
  3587 | D:4      | Killed Pikel
  3588 | D:4      | Reached skill level 5 in Throwing
  3588 | D:4      | Reached XP level 6. HP: 15/48 MP: 6/6
  3588 | D:4      | Gained mutation: When seriously injured, your blood forms
                  | very thick armour. (AC +12) [demonic ancestry]
  3588 | D:4      | Reached XP level 7. HP: 16/54 MP: 7/7
  3798 | D:4      | Found a staircase to the Ecumenical Temple.
  3841 | Temple   | Entered the Ecumenical Temple
  3972 | Temple   | Became a worshipper of Warmaster Okawaru
  4025 | D:4      | Found a runed translucent gate.
  4026 | D:4      | Found a runed translucent gate.
  4026 | D:4      | Found an opulent altar of Gozag.
  4026 | D:4      | Found a runed translucent gate.
  4154 | D:4      | Noticed drugrobin's ghost (amateur DgDe)
  4730 | D:4      | Reached skill level 3 in Dodging
  4823 | D:4      | Noticed Duvessa
  4823 | D:4      | Noticed Dowan
  4852 | D:5      | Entered Level 5 of the Dungeon
  5042 | D:4      | Killed Duvessa
  5043 | D:4      | Reached skill level 4 in Dodging
  5043 | D:4      | Reached XP level 8. HP: 26/53 MP: 8/8
  5043 | D:4      | Killed Dowan
  5678 | D:4      | Reached * piety under Okawaru
  5714 | D:4      | Killed drugrobin's ghost
  5715 | D:4      | Reached skill level 5 in Dodging
  5865 | D:5      | Reached skill level 5 in Short Blades
  6427 | D:5      | Reached skill level 1 in Evocations
  6450 | D:5      | Reached ** piety under Okawaru
  6759 | D:5      | Noticed Sigmund
  6770 | D:5      | Killed Sigmund
  6858 | D:5      | Gained mutation: You have hoof-like feet. [demonic
                  | ancestry]
  6858 | D:5      | Reached XP level 9. HP: 60/65 MP: 9/9
  7539 | D:6      | Reached skill level 5 in Evocations
  7601 | D:6      | Reached skill level 5 in Fighting
  7871 | D:6      | Noticed Blork the orc
  7884 | D:6      | Killed Blork the orc
  7884 | D:6      | Reached *** piety under Okawaru
  8527 | D:7      | Noticed Maggie
  9077 | D:7      | Killed Maggie
  9601 | D:7      | Found Muunkuy's Book Emporium.
  9872 | D:7      | Noticed Joseph
  9900 | D:7      | Killed Joseph
 10269 | D:7      | Received a gift from Okawaru
 10453 | D:8      | Gained mutation: You sometimes gain power by taking damage.
                  | [demonic ancestry]
 10453 | D:8      | Reached XP level 10. HP: 76/76 MP: 10/10
 10461 | D:8      | Identified a scroll of acquirement
 10461 | D:8      | Acquired the amulet "Peyheu" {Reflect Drain rElec Slay+2
                  | SH+5}
 10569 | D:8      | Found a sand-covered staircase.
 10577 | Ossuary  | Entered an ossuary
 10857 | D:8      | Found a hazy altar of Hepliaklqana.
 10858 | D:8      | Found a shadowy altar of Dithmenos.
 10858 | D:8      | Found a bloodstained altar of Trog.
 10867 | D:8      | Found an ornate altar of the Wu Jian Council.
 11231 | D:8      | Found a sacrificial altar of Ru.
 11667 | D:8      | Found a blossoming altar of Fedhas.
 11688 | D:8      | Noticed an oklob plant
 12269 | D:9      | Noticed a boulder beetle
 12269 | D:9      | Noticed a centaur warrior
 12270 | D:9      | Noticed a deep elf pyromancer
 12279 | D:9      | Reached skill level 10 in Short Blades
 12297 | D:9      | Reached **** piety under Okawaru
 12323 | D:9      | Reached skill level 6 in Dodging
 12336 | D:9      | Killed a centaur warrior
 12343 | D:9      | Reached skill level 7 in Dodging
 12426 | D:9      | Killed a boulder beetle
 12426 | D:9      | Reached ***** piety under Okawaru
 12427 | D:9      | Reached skill level 8 in Dodging
 12476 | D:9      | Reached XP level 11. HP: 39/81 MP: 11/11
 12927 | D:10     | Entered Level 10 of the Dungeon
 13163 | D:10     | Found a broken altar of Ashenzari.
 13163 | D:10     | Found a snail-covered altar of Cheibriados.
 13175 | D:10     | Found a staircase to the Lair.
 13592 | D:10     | Identified the +1 helmet "Xeffeib" {rC- Str+3} (Okawaru
                  | gifted it to you on level 10 of the Dungeon)
 13592 | D:10     | Received a gift from Okawaru
 13663 | D:10     | Identified the amulet "Teameur" {Reflect rC++ Int-2 SH+5
                  | Stlth+}
 13928 | D:10     | Found a staircase to the Orcish Mines.
 14233 | D:11     | Noticed a two-headed ogre
 14241 | D:11     | Killed a two-headed ogre
 14489 | D:11     | Noticed a two-headed ogre
 14501 | D:11     | Killed a two-headed ogre
 14674 | D:11     | Noticed a two-headed ogre
 14688 | D:11     | Killed a two-headed ogre
 14859 | D:11     | Noticed a boulder beetle
 14945 | D:11     | Killed a boulder beetle
 14946 | D:11     | Reached skill level 9 in Dodging
 15200 | D:12     | Noticed Fannar
 15210 | D:12     | Identified the +6 plate armour of Charity {Str+4} (Okawaru
                  | gifted it to you on level 12 of the Dungeon)
 15210 | D:12     | Received a gift from Okawaru
 15484 | D:12     | Noticed a two-headed ogre
 15485 | D:12     | Noticed Nessos
 15500 | D:11     | HP: 3/86 [poisoned by Nessos]
 15916 | D:12     | Noticed Josephine
 15940 | D:12     | Noticed a tengu warrior
 15959 | D:11     | Killed a tengu warrior
 15960 | D:11     | Reached skill level 10 in Dodging
 15960 | D:11     | Gained mutation: You regenerate a little health from kills.
                  | [demonic ancestry]
 15960 | D:11     | Reached XP level 12. HP: 55/92 MP: 12/12
 16119 | D:11     | Killed Josephine
 16371 | D:12     | Killed Fannar
 16372 | D:12     | Reached skill level 11 in Dodging
 16387 | D:12     | Shot with an arrow by Nessos

Illustrated notes

Levels and vault maps discovered:
D:1:      dpeg_arrival_rooms_b, layout_rooms, fountainhead, minivault_14
D:2:      layout_loops_ring, minivault_23, uniq_jessica
D:3:      layout_loops_corners, minivault_14
D:4:      layout_cave_pods, minmay_temple_entry_wispy, ebering_ghost_gozag,
          kennysheep_small_circle, uniq_pikel, uniq_duvessa
D:5:      layout_layer_cave, uniq_sigmund
D:6:      minmay_klotski, layout_basic, fountainhead, serial_bayou_pond_b,
          uniq_blork_the_orc
D:7:      layout_loops_cross, serial_shops, shop, uniq_joseph, uniq_maggie
D:8:      layout_loops_corners, tgw_fedhas, nicolae_ru_sacrificial_ziggurat,
          nicolae_overflow_quartered_altars, nicolae_ossuary_entry_giza,
          hangedman_decor_riveting
D:9:      layout_basic, minivault_28
D:10:     minmay_weird_star, layout_irregular_city,
          nicolae_overflow_two_pavilions, lair_entry_dummy, hiddenorc1_lemuel
D:11:     layout_rooms
D:12:     layout_cave_pools, uniq_nessos, uniq_josephine, uniq_fannar
Temple:   eino_temple_lava

Skill      XL: |  1  2  3  4  5  6  7  8  9 10 11 12 |
---------------+-------------------------------------+-----
Stealth        | 1 2 |  2.0
Fighting       | 3 4 6 8 |  8.0
Short Blades   | 4 6 8 10 | 10.0
Throwing       | 2 5 |  5.0
Armour         | 2 4 |  4.0
Dodging        | 4 5 8 10 11 | 11.0
Evocations     | 3 5 8 |  8.0

Action                   |  1- 3 |  4- 6 |  7- 9 | 10-12 || total
-------------------------+-------+-------+-------+-------++-------
Melee: Rapier            |   115 |       |       |       ||   115
       Punch             |     1 |       |       |       ||     1
       Dagger            |    14 |   118 |    97 |       ||   229
       Kick              |       |    38 |   269 |   391 ||   698
       Short sword       |       |       |   503 |   730 ||  1233
       Unarmed           |       |       |     1 |       ||     1
Throw: Throwing net      |       |     2 |     1 |     1 ||     4
       Javelin           |       |     2 |     1 |       ||     3
       Dart              |       |       |       |     7 ||     7
Evoke: Wand              |       |       |       |     6 ||     6
  Use: Scroll            |       |     6 |     5 |    14 ||    25
       Potion            |       |     3 |       |     4 ||     7
 Stab: Sleeping          |     1 |       |       |       ||     1
       Held in net/web   |       |     2 |       |     3 ||     5
Armor: Leather armour    |    22 |       |       |       ||    22
       Scale mail        |    14 |    43 |   216 |   163 ||   436
       Skin              |       |       |    28 |       ||    28
Dodge: Dodged            |    78 |    43 |   342 |   410 ||   873
Block: Orb               |       |       |       |   112 ||   112
       Reflection        |       |       |       |     6 ||     6

Table legend: (Time is in decaauts)
 A = Elapsed time spent in this place.
 B = Non-inter-level travel time spent in this place.
 C = Inter-level travel time spent in this place.
 D = Time resting spent in this place.
 E = Time spent auto-exploring this place.
 F = Levels seen in this place.
 G = Mean time per level.
                   A        B        C        D        E       F      G
               +--------+--------+--------+--------+--------+-----+--------+
         Total |  15894 |  15574 |    320 |   3770 |   9476 |  14 | 1135.3 |
       Dungeon |  15519 |  15225 |    294 |   3770 |   9211 |  12 | 1293.2 |
        Temple |    140 |    114 |     26 |      0 |    106 |   1 |  140.0 |
       Ossuary |    234 |    234 |      0 |      0 |    159 |   1 |  234.0 |
               +--------+--------+--------+--------+--------+-----+--------+

Top non-repeatable levels by time:
     D:4: 2343 daAuts
    D:11: 1919 daAuts
     D:5: 1746 daAuts
     D:6: 1465 daAuts
     D:7: 1409 daAuts
     D:3: 1257 daAuts
    D:10: 1189 daAuts
     D:9: 1096 daAuts
     D:8: 1002 daAuts
     D:1: 966 daAuts
     D:2: 943 daAuts
 Ossuary: 234 daAuts
    D:12: 180 daAuts
  Temple: 140 daAuts
